 Dungeon Crawl Stone Soup version 0.18-a0-1782-gb76a692 (webtiles) character file.

423853 Scytalen the Shatterer (level 23, -3/291 HPs)
             Began as an Ogre Berserker on Apr 16, 2016.
             Was the Champion of Trog.
             Killed from afar by a salamander stormcaller (38 damage)
             ... with a great blast of fire
             ... on level 3 of the Depths on Apr 17, 2016.
             The game lasted 03:51:39 (64485 turns).

Scytalen the Shatterer (Ogre Berserker)            Turns: 64485, Time: 03:51:40

Health: -3/291     AC: -2    Str: 31    XL:     23   Next: 76%
Magic:  37/37      EV: 23    Int:  6    God:    Trog [******]
Gold:   3180       SH:  0    Dex: 18    Spells: 0 memorised, 22 levels left

rFire  + . .     SeeInvis .     a - +11 giant spiked club of Wubez {freeze, +Blink +Fly rPois Stlth-}
rCold  + . .     Gourm    .     K - +2 robe {rC+ rF+}
rNeg   + + .     Faith    .     (shield currently unavailable)
rPois  +         Spirit   .     i - +1 hat
rElec  .         Dismiss  .     t - +1 cloak
rCorr  +         Reflect  +     (gloves unavailable)
SustAt .         Harm     .     (boots unavailable)
MR     ++...                    n - amulet "Sudou" {Reflect rN++ MP+9 Str+3 Dex+2 SH+4}
Stlth  ..........               E - +4 ring of protection
                                U - ring of resist corrosion

@: confused, exhausted, corroded, very slightly contaminated, slowed, very slow,
very resistant to hostile enchantments, extremely unstealthy
A: unfitting armour, poison resistance, robust 1, tough skin 1
a: Berserk, Trog's Hand, Brothers in Arms, Burn Spellbooks, Renounce Religion,
Evoke Blink, Evoke Flight
}: 2/15 runes: serpentine, barnacled


You were on level 3 of the Depths.
You worshipped Trog.
Trog was exalted by your worship.
You were very hungry.

You visited 7 branches of the dungeon, and saw 40 of its levels.
You visited 1 bazaar.
You also visited: Ice Cave and Volcano.

You collected 5435 gold pieces.
You spent 2255 gold pieces at shops.

Inventory:

Hand Weapons
 a - the +11 giant spiked club of Wubez (weapon) {freeze, +Blink +Fly rPois Stlth-}
   (Trog gifted it to you on level 8 of the Lair of Beasts)

   It has been specially enchanted to freeze those struck by it, causing extra
   injury to most foes and up to half again as much damage against particularly
   susceptible opponents.
   It can also slow down cold-blooded creatures.
   It protects you from poison.
   It lets you fly.
   It lets you blink.
   It makes you less stealthy.
 b - the +10 blowgun of Resourcefulness {evade, MP+9 Str+3}
   (You found it on level 2 of the Lair of Beasts)

   It affects your evasion (+5 to EV).
   It affects your strength (+3).
   It affects your magic capacity (+9).
Missiles
 g - 1413 stones
 q - 24 javelins of returning
 r - 11 curare-tipped needles
 y - 72 large rocks (quivered)
Armour
 i - a +1 hat (worn)
 t - a +1 cloak (worn)
 K - a +2 robe of resistance (worn)
 Q - the +9 ice dragon armour of Xitwiu Kiuxi {rF- rC++ rN++ Str+4 Int-5}
   (You acquired it on level 12 of the Dungeon)

   It affects your strength (+4).
   It affects your intelligence (-5).
   It makes you vulnerable to fire.
   It greatly protects you from cold.
   It greatly protects you from negative energy.
 V - a fire dragon hide
Jewellery
 n - the amulet "Sudou" (around neck) {Reflect rN++ MP+9 Str+3 Dex+2 SH+4}
   (You bought it in a shop on level 5 of the Dungeon)

   [amulet of reflection]

   It shields you and reflects attacks.
   It affects your strength (+3).
   It affects your dexterity (+2).
   It greatly protects you from negative energy.
   It affects your magic capacity (+9).
   It affects your SH (+4).
 E - a +4 ring of protection (right hand)
 I - the ring of Spite {SustAt rElec rN+ Stlth-}
   (You found it on level 4 of the Lair of Beasts)

   [ring of sustain attributes]

   It sustains your strength, intelligence and dexterity.
   It insulates you from electricity.
   It protects you from negative energy.
   It makes you less stealthy.
 U - a ring of resist corrosion (left hand)
Wands
 C - a wand of iceblast (7/15)
 F - a wand of acid (3/15)
 H - a wand of digging (13/24)
 L - a wand of digging (5/24)
 M - a wand of disintegration (14/24)
 P - a wand of iceblast (3/15)
Scrolls
 e - 5 scrolls of teleportation
 f - 14 scrolls of recharging
 h - 2 scrolls of enchant weapon
 k - 7 scrolls of enchant armour
 l - a scroll of holy word
 o - 17 scrolls of remove curse
 s - 6 scrolls of fear
 v - 3 scrolls of identify
 w - 6 scrolls of fog
 z - 6 scrolls of magic mapping
 X - 3 scrolls of summoning
 Z - 3 scrolls of silence
Potions
 j - 4 potions of heal wounds
 m - 6 potions of flight
 p - 11 potions of curing
 u - 3 potions of haste
 x - 4 potions of agility
 A - 4 potions of resistance
 B - 6 potions of brilliance
 G - a potion of berserk rage
 J - a potion of magic
 N - a potion of invisibility
 O - 2 potions of cancellation
 R - a potion of ambrosia
 S - 7 potions of might
Miscellaneous
 d - a legendary deck of defence {the Blade}
 Y - a fan of gales
Comestibles
 c - 5 bread rations
 D - 5 chunks of flesh


   Skills:
 + Level 22.4 Fighting
 - Level 24.0 Maces & Flails
 * Level 18.9 Throwing
 + Level 12.8 Armour
 + Level 16.8 Dodging
 - Level 7.3 Evocations


You had 22 spell levels left.
You didn't know any spells.

Dungeon Overview and Level Annotations

Branches:
Dungeon (15/15)            Temple (0/1) D:7            Lair (8/8) D:8
 Shoals (4/4) Lair:4        Snake (4/4) Lair:3        Slime (0/6) Lair:8
    Orc (2/2) D:11            Elf (0/3) Orc:2        Vaults (4/5) D:14
  Crypt (0/3) Vaults:2     Depths (3/5) D:15

Altars:
Ashenzari
Gozag
Kikubaaqudgha
Makhleb
Nemelex Xobeh
Okawaru
Pakellas
Sif Muna
Vehumet
Xom
Yredelemnul
Zin
The Shining One
Beogh

Shops:
D:5 %=:?   D:9 =   D:10 =   D:11 %   Orc:2 :?[}   Snake:3 !   Vaults:1 *
Depths:1 !

Portals:
Hell: Depths:1 Depths:2
Abyss: Depths:2
Pandemonium: Depths:3


Innate Abilities, Weirdness & Mutations

You are too large for most types of armour.
You have tough skin (AC +1).
Your system is resistant to poisons.
You are robust (+10% HP).


Message History

You are exhausted.
You feel yourself slow down.
You are feeling very hungry.
You now have 5/291 hp.
Read which item? (? for menu, Esc to quit)
Blink to where?
Press: ? - help, Dir - move target cursor You are very lightly contaminated with residual magic.
As you read the scroll of blinking, it crumbles to dust.
There is a huge open gate here.
Drink which item? (? for menu, Esc to quit)
You are confused.
You feel invigorated.
You regained 7 hp, and now have 17/291 hp.
You regained 6 hp, and now have 23/291 hp.
You regained 7 hp, and now have 30/291 hp.
The salamander stormcaller casts a spell at you.
A raging storm of fire appears!
The great blast of fire engulfs you! You partially resist.
You die...

##....## ##.......''#
#8....8# ##.......#'.....
#....# #.......##.......
####''#####......##........
.........##''...##.....8...
.......#....''### .........
......[#.....N### .......
.......#........##
...............4@#
..#.#...8.8.8.8.§[#
.#...#............#
.#.⌠[#........._.∩#
.#...#............#
..#.#...8.8.8.8.§.#
.................##
.......#........##
[......#......#


You could see a salamander stormcaller and a rust devil.

Vanquished Creatures
  A juggernaut (Depths:3)
  Norris (Snake:2)
  Saint Roka (Orc:2)
  Xtahua (Vaults:2)
  A bone dragon (Depths:3)
  Jorgrun (Shoals:4)
  2 liches
  An Ice Fiend (IceCv)
  A tentacled monstrosity (Depths:2)
  3 krakens
  2 sphinxes
  2 tengu reavers
  Roxanne (Shoals:1)
  8 greater nagas
  A deep elf sorcerer (Vaults:4)
  3 fire giants
  8 vault wardens
  6 frost giants
  Aizul (Shoals:4)
  An orc warlord (Vaults:3)
  Wiglaf (Depths:1)
  9 ironheart preservers
  A war gargoyle (Depths:3)
  A reaper (Depths:2)
  2 spriggan defenders (Depths:2)
  9 very ugly things
  A vampire knight (Vaults:2)
  11 stone giants
  2 salamander stormcallers
  A deep elf annihilator (Vaults:2)
  2 spark wasps (Depths:2)
  A deep elf demonologist (Vaults:2)
  An eidolon (Vaults:2)
  8 ettins
  Snorg (Orc:1)
  3 merfolk javelineers
  A deep elf death mage (Vaults:2)
  9 merfolk impalers
  5 fire dragons
  9 vault guards
  4 great orbs of eyes
  10 yaktaur captains
  2 rakshasas
  Fannar (Orc:1)
  16 ogre magi
  11 hydras
  3 entropy weavers
  17 anacondas
  3 ice dragons (Depths:1)
  A catoblepas (Lair:8)
  2 spriggan air magi (Depths:2)
  9 centaur warriors
  17 naga warriors
  Erolcha (Orc:2)
  3 death knights
  6 merfolk aquamancers
  5 merfolk avatars
  4 tengu warriors
  Erica (Lair:1)
  A vampire mage (Vaults:2)
  2 satyrs
  4 deep troll earth magi
  6 deep troll shamans
  9 death yaks
  An orc high priest (Vaults:3)
  8 shock serpents
  5 spriggan berserkers
  A hell knight (Depths:2)
  A spriggan (Depths:2)
  A shock serpent (shapeshifter) (Vaults:3)
  16 naga sharpshooters
  3 soul eaters (Depths:3)
  A fire crab (Volcano)
  6 deep elf knights
  3 skeletal warriors
  Nergalle (Orc:2)
  2 iron trolls
  4 shadow wraiths
  20 deep trolls
  7 salamander mystics
  3 flayed ghosts
  A sea snake (shapeshifter) (Depths:2)
  3 unseen horrors
  7 sea snakes
  7 deep elf archers
  An unseen horror (shapeshifter) (Vaults:4)
  A giant orange brain (Vaults:4)
  14 naga ritualists
  A lindwurm (Lair:4)
  17 ironbrand convokers
  20 orc knights
  5 hill giants
  25 harpies
  2 necromancers
  16 mana vipers
  19 griffons
  6 phantasmal warriors
  A wizard (Depths:1)
  4 hornets
  6 orc sorcerers
  21 deep elf magi
  26 ugly things
  10 cyclopes
  2 oklob plants
  A wolf spider (Vaults:1)
  15 manticores
  15 salamanders
  14 fauns
  A human zombie (Vaults:1)
  A salamander (shapeshifter) (Vaults:4)
  12 sirens
  A toenail golem (Volcano)
  5 water nymphs
  7 centaur zombies
  6 rust devils (Depths:3)
  30 elephants
  21 naga magi
  52 black mambas
  9 guardian serpents
  6 vault sentinels
  2 fire giant skeletons (Vaults:1)
  2 gargoyles
  3 ice statues (IceCv)
  A torpor snail (Lair:5)
  14 spiny frogs
  8 freezing wraiths
  6 komodo dragons
  11 ice devils (IceCv)
  3 rime drakes
  A kobold demonologist (Depths:2)
  45 yaktaurs
  The ghost of Zhenya25pyc the Cudgeler, a novice GrFi of Makhleb (D:4)
  An anaconda simulacrum (IceCv)
  2 tengu conjurers
  2 harpy zombies (Shoals:1)
  2 golden dragon simulacra (IceCv)
  A queen bee (Lair:4)
  5 wind drakes
  28 merfolk
  Prince Ribbit (D:6)
  13 trolls
  22 two-headed ogres
  6 boulder beetles
  20 blink frogs
  A tengu simulacrum (Vaults:3)
  A hornet zombie (D:14)
  A blink frog (shapeshifter) (D:15)
  3 polar bears
  5 slime creatures
  13 snapping turtles
  A snapping turtle (shapeshifter) (D:15)
  A centaur simulacrum (D:15)
  3 flying skulls (Depths:3)
  A griffon zombie (Shoals:1)
  3 air elementals
  2 redbacks (Depths:2)
  Sigmund (D:5)
  2 humans (shapeshifter)
  A dire elephant simulacrum (IceCv)
  5 wraiths
  A fire bat (Volcano)
  A wyvern (shapeshifter) (Vaults:2)
  4 shadows
  8 basilisks
  20 vampire mosquitoes
  12 water elementals
  61 yaks
  4 hungry ghosts
  13 hippogriffs
  A hippogriff (shapeshifter) (Vaults:3)
  71 nagas
  A mottled dragon (D:13)
  Menkaure (D:7)
  2 harpy simulacra (IceCv)
  10 wargs
  4 hydra simulacra (IceCv)
  21 water moccasins
  12 ice beasts
  11 porcupines
  26 orc warriors
  4 sky beasts
  2 wasps
  2 eyes of draining
  58 ogres
  5 boggarts
  2 black bears
  3 phantoms
  A tengu (shapeshifter) (Depths:2)
  An ogre (shapeshifter) (Vaults:2)
  4 wolves (Lair:8)
  24 centaurs
  23 crocodiles
  3 big kobolds
  20 giant frogs
  Blork the orc (D:5)
  2 gnoll sergeants
  A wyvern zombie (D:11)
  2 scorpions
  A troll zombie (D:11)
  2 hippogriff zombies (Shoals:1)
  24 killer bees
  5 howler monkeys
  7 electric eels
  7 lava snakes (Volcano)
  3 crimson imps
  6 hounds
  A jelly (shapeshifter) (Depths:2)
  A quasit (D:14)
  A giant frog zombie (D:5)
  19 orc priests
  Crazy Yiuf (D:7)
  17 iguanas
  2 jellies
  4 centaur skeletons
  A giant frog skeleton (D:12)
  A gnoll shaman (D:4)
  9 worker ants
  33 orc wizards
  3 polar bear simulacra (Lair:8)
  3 yak simulacra (Lair:8)
  7 ogre zombies (D:11)
  31 sheep
  3 wolf simulacra (Lair:8)
  A hound skeleton (D:8)
  2 worker ant zombies (D:7)
  30 gnolls
  14 adders
  78 river rats
  4 shadow imps
  5 adder skeletons
  An adder zombie (D:9)
  A worm (D:2)
  3 dart slugs
  4 giant geckos
  101 orcs
  9 bats
  6 giant cockroaches
  11 hobgoblins
  16 jackals
  4 quokkas
  4 ball pythons
  A giant gecko skeleton (D:8)
  9 giant newts
  10 goblins
  2 goblin skeletons (D:11)
  2 goblin zombies (D:11)
  3 hobgoblin zombies (D:11)
  15 kobolds
  2 orc skeletons (D:11)
  16 orc zombies (D:11)
  A quokka skeleton (D:8)
  A quokka zombie (D:5)
  4 rats
  2 river rat simulacra (Lair:8)
  4 bushes (Lair:8)
  2 fungi
  9 plants
  6 tentacles
2017 creatures vanquished.

Vanquished Creatures (collateral kills)
  Mara (Vaults:2)
  An iron giant (Depths:1)
  A tengu reaver (Depths:1)
  Ilsuiw (Shoals:4)
  An ironheart preserver (Vaults:2)
  A very ugly thing (Depths:1)
  A fire dragon (Depths:1)
  A yaktaur captain (Vaults:2)
  An entropy weaver (Depths:1)
  A merfolk aquamancer (Shoals:1)
  A naga warrior (Snake:4)
  A merfolk avatar (Shoals:3)
  A deep troll earth mage (Depths:1)
  A naga sharpshooter (Snake:3)
  A vampire mage (Depths:1)
  A deep elf knight (Vaults:2)
  A hill giant (D:10)
  2 harpies (Shoals:1)
  A deep elf mage (Vaults:2)
  3 fauns (Shoals:1)
  A black mamba (Snake:2)
  5 yaktaurs
  A merfolk (Shoals:3)
  A water elemental (Shoals:1)
  A vampire mosquito (Vaults:2)
  3 nagas
  4 orc warriors (Vaults:3)
  2 ice beasts (Snake:2)
  A centaur (D:8)
  2 orcs (Vaults:3)
44 creatures vanquished.

Vanquished Creatures (others)
  A stone giant (Depths:1)
  A deep elf demonologist (Vaults:2)
  A centaur warrior (D:14)
  A naga sharpshooter (Snake:2)
  A deep elf archer (Vaults:2)
  A mana viper (Snake:4)
  A cyclops (D:15)
  A vault sentinel (Vaults:2)
  3 centaurs
  A river rat (Lair:7)
  An orc (Vaults:3)
  2 fire vortices
  61 fungi
  51 plants
  11 tentacles
  449 tentacle segments
587 creatures vanquished.

Grand Total: 2648 creatures vanquished

Notes
Turn   | Place    | Note
--------------------------------------------------------------
     0 | D:1      | Scytalen the Ogre Berserker began the quest for the Orb.
     0 | D:1      | Reached XP level 1. HP: 24/24 MP: 1/1
    57 | D:1      | Reached XP level 2. HP: 27/32 MP: 2/2
   385 | D:1      | Reached skill level 5 in Maces & Flails
   677 | D:1      | Reached XP level 3. HP: 34/39 MP: 3/3
   741 | D:1      | Found a shattered altar of Ashenzari.
   759 | D:1      | Reached ** piety under Trog
  1252 | D:2      | Reached skill level 6 in Maces & Flails
  1565 | D:2      | Reached XP level 4. HP: 48/48 MP: 4/4
  2346 | D:3      | Noticed a phantom
  2392 | D:3      | Killed a phantom
  2392 | D:3      | Reached skill level 8 in Maces & Flails
  2392 | D:3      | Reached XP level 5. HP: 29/54 MP: 5/5
  2721 | D:3      | Reached *** piety under Trog
  2745 | D:3      | Found an opulent altar of Gozag.
  2879 | D:3      | Reached XP level 6. HP: 38/62 MP: 6/6
  3203 | D:4      | Reached skill level 9 in Maces & Flails
  3732 | D:4      | Noticed Zhenya25pyc's ghost (novice GrFi)
  3743 | D:4      | Reached skill level 10 in Maces & Flails
  3743 | D:4      | Reached XP level 7. HP: 66/70 MP: 7/7
  3751 | D:4      | Killed Zhenya25pyc's ghost
  3751 | D:4      | Reached skill level 11 in Maces & Flails
  4196 | D:4      | Found a basalt altar of Yredelemnul.
  4297 | D:5      | Entered Level 5 of the Dungeon
  4301 | D:5      | Noticed Sigmund
  4309 | D:5      | Killed Sigmund
  4309 | D:5      | Reached skill level 12 in Maces & Flails
  4309 | D:5      | Reached XP level 8. HP: 78/78 MP: 8/8
  4363 | D:5      | Found Fuheutt's Book Shop.
  4379 | D:5      | Reached **** piety under Trog
  4421 | D:5      | Found Irubboi's Jewellery Emporium.
  4462 | D:5      | Found Zaapp's Magic Scroll Shop.
  4468 | D:5      | Bought a scroll of noise for 13 gold pieces
  4468 | D:5      | Bought a scroll of identify for 26 gold pieces
  4468 | D:5      | Bought a scroll of identify for 26 gold pieces
  4468 | D:5      | Bought a scroll of remove curse for 39 gold pieces
  4468 | D:5      | Bought a scroll of enchant armour for 97 gold pieces
  4473 | D:5      | Gained mutation: Your system is resistant to poisons. [potion of beneficial mutation]
  4515 | D:5      | Found Feza's Food Boutique.
  4718 | D:5      | Got a steaming mace
  4719 | D:5      | Identified the +5 mace of the Scavenger {crush, rF+} (You found it on level 5 of the Dungeon)
  4778 | D:5      | Noticed Blork the orc
  4784 | D:5      | Killed Blork the orc
  5002 | D:6      | Reached skill level 13 in Maces & Flails
  5028 | D:6      | Reached skill level 5 in Fighting
  5077 | D:6      | Noticed Prince Ribbit
  5088 | D:6      | Killed Prince Ribbit
  5415 | D:6      | Reached XP level 9. HP: 93/93 MP: 9/9
  6150 | D:7      | Reached ***** piety under Trog
  6269 | D:7      | Noticed Menkaure
  6276 | D:7      | Killed Menkaure
  6420 | D:7      | Found a staircase to the Ecumenical Temple.
  6789 | D:7      | Noticed Crazy Yiuf
  6796 | D:7      | Killed Crazy Yiuf
  7176 | D:8      | Reached skill level 14 in Maces & Flails
  7179 | D:8      | Reached skill level 10 in Fighting
  7620 | D:8      | Found a glowing golden altar of the Shining One.
  7623 | D:8      | Reached XP level 10. HP: 111/111 MP: 10/10
  7982 | D:8      | Found a staircase to the Lair.
  8614 | D:8      | Found a shimmering altar of Xom.
  9009 | D:9      | Reached skill level 5 in Dodging
  9569 | D:9      | Found Sununt's Jewellery Emporium.
  9668 | D:9      | Found an iron altar of Okawaru.
  9737 | D:9      | Noticed a balrug
  9738 | D:9      | Found a burning altar of Makhleb.
  9743 | D:9      | Found a glowing silver altar of Zin.
  9743 | D:9      | Noticed an angel
  9791 | D:10     | Entered Level 10 of the Dungeon
 10313 | D:10     | Found Ichuv's Jewellery Shop.
 10340 | D:10     | Reached skill level 15 in Maces & Flails
 11045 | D:10     | Noticed a hill giant
 11053 | D:10     | Killed a hill giant
 11234 | D:11     | Found Podiyst's Food Shoppe.
 11291 | D:11     | Reached XP level 11. HP: 116/123 MP: 11/11
 11327 | D:11     | Found a staircase to the Orcish Mines.
 12080 | D:11     | Noticed a hill giant
 12092 | D:11     | Killed a hill giant
 12092 | D:11     | Reached skill level 16 in Maces & Flails
 12330 | D:11     | Noticed a purple ugly thing
 12627 | Lair:1   | Entered Level 1 of the Lair of Beasts
 13489 | Lair:1   | Received a gift from Trog
 13647 | Lair:1   | Noticed Erica
 13682 | Lair:1   | Killed Erica
 13682 | Lair:1   | Reached skill level 17 in Maces & Flails
 14226 | Lair:1   | Noticed a seven-headed hydra
 14234 | Lair:1   | Killed a seven-headed hydra
 14728 | Lair:2   | Reached XP level 12. HP: 132/132 MP: 12/12
 14735 | Lair:2   | Got a crystal blowgun
 14736 | Lair:2   | Identified the +10 blowgun of Resourcefulness {evade, MP+9 Str+3} (You found it on level 2 of the Lair of Beasts)
 14887 | Lair:2   | Reached skill level 18 in Maces & Flails
 15358 | Lair:3   | Reached skill level 1 in Throwing
 15502 | Lair:3   | Found a dark tunnel.
 15520 | Volcano  | Entered a volcano
 16003 | Volcano  | Found a burning altar of Makhleb.
 16111 | Volcano  | Found a bloodstained altar of Trog.
 16481 | Lair:3   | Received a gift from Trog
 16603 | Lair:3   | Found a staircase to the Snake Pit.
 17233 | Lair:3   | Reached skill level 19 in Maces & Flails
 17524 | Lair:3   | Reached XP level 13. HP: 122/144 MP: 13/13
 18564 | D:5      | Bought the amulet "Sudou" {Reflect rN++ MP+9 Str+3 Dex+2 SH+4} for 583 gold pieces
 18786 | Lair:4   | Got a slimy bone ring
 18787 | Lair:4   | Identified the ring of Spite {SustAt rElec rN+ Stlth-} (You found it on level 4 of the Lair of Beasts)
 18986 | Lair:4   | Received a gift from Trog
 18996 | Lair:4   | Found a staircase to the Shoals.
 19071 | Lair:4   | Reached skill level 5 in Throwing
 19174 | Lair:4   | Found a sparkling altar of Nemelex Xobeh.
 19319 | Lair:4   | Reached skill level 20 in Maces & Flails
 19504 | Lair:4   | Found a deep blue altar of Sif Muna.
 20810 | Lair:5   | Received a gift from Trog
 20814 | Lair:5   | Reached ****** piety under Trog
 20831 | Lair:5   | Got a twisted giant spiked club {god gift}
 20832 | Lair:5   | Identified the +2 giant spiked club of Vosodot {antimagic, rPois rN+ Dex+5 SInv} (Trog gifted it to you on level 5 of the Lair of Beasts)
 21503 | Lair:6   | Reached skill level 10 in Dodging
 21568 | Lair:6   | Reached XP level 14. HP: 127/156 MP: 7/14
 22787 | Lair:7   | Reached skill level 21 in Maces & Flails
 22800 | Lair:7   | Received a gift from Trog
 23059 | Lair:7   | Received a gift from Trog
 24299 | Lair:7   | Reached skill level 22 in Maces & Flails
 24584 | Lair:7   | Received a gift from Trog
 24686 | Lair:8   | Entered Level 8 of the Lair of Beasts
 25026 | Lair:8   | Found a staircase to the Slime Pits.
 25180 | Lair:8   | Received a gift from Trog
 25218 | Lair:8   | Got a pitted giant spiked club {god gift}
 25225 | Lair:8   | Identified the +11 giant spiked club of Wubez {freeze, +Blink +Fly rPois Stlth-} (Trog gifted it to you on level 8 of the Lair of Beasts)
 25414 | Lair:8   | Reached skill level 23 in Maces & Flails
 25669 | Lair:8   | Reached XP level 15. HP: 153/165 MP: 15/15
 26748 | Lair:8   | Reached skill level 24 in Maces & Flails
 26997 | Orc:1    | Entered Level 1 of the Orcish Mines
 26997 | Orc:1    | Noticed Snorg
 27001 | Orc:1    | Killed Snorg
 27775 | Orc:2    | Entered Level 2 of the Orcish Mines
 27842 | Orc:2    | Found a staircase to the Elven Halls.
 28059 | Orc:2    | Noticed Saint Roka
 28097 | Orc:2    | Received a gift from Trog
 28418 | Orc:2    | Killed Saint Roka
 29062 | Orc:2    | Found Polets's Gadget Boutique.
 29092 | Orc:2    | Reached skill level 1 in Armour
 29222 | Orc:2    | Found a radiant altar of Vehumet.
 29223 | Orc:2    | Noticed Erolcha
 29231 | Orc:2    | Killed Erolcha
 29231 | Orc:2    | Reached skill level 15 in Fighting
 29285 | Orc:2    | Noticed Nergalle
 29299 | Orc:2    | Killed Nergalle
 29319 | Orc:2    | Found an ancient bone altar of Kikubaaqudgha.
 29353 | Orc:2    | Found a roughly hewn altar of Beogh.
 29353 | Orc:2    | Found Soahauff's Antique Armour Boutique.
 29354 | Orc:2    | Found Oginacox's Magic Scroll Shop.
 29358 | Orc:2    | Received a gift from Trog
 29373 | Orc:2    | Found Hysinoupn's Book Shop.
 29380 | Orc:2    | Bought 3 scrolls of fog for 66 gold pieces
 29680 | Orc:1    | Noticed Fannar
 29689 | Orc:1    | Killed Fannar
 29962 | D:10     | Bought a +4 ring of protection for 540 gold pieces
 30173 | D:12     | Found a flickering gateway to a bazaar.
 30189 | Bazaar   | Entered a bazaar
 30189 | Bazaar   | Found Norghypsy's Magic Scroll Shop.
 30197 | Bazaar   | Found Noorag's Food Emporium.
 30217 | Bazaar   | Found Imumub's Assorted Antiques.
 30225 | Bazaar   | Bought a transparent iron amulet for 70 gold pieces
 30225 | Bazaar   | Bought a scroll labeled BAOS YGGEOLLUF for 14 gold pieces
 30225 | Bazaar   | Bought a steaming golden ring for 70 gold pieces
 30233 | Bazaar   | Identified the ring "Jeasuren" {SustAt rPois} (You bought it in a shop in a bazaar)
 30238 | Bazaar   | Identified the amulet "Matel" {Faith rC+} (You bought it in a shop in a bazaar)
 30241 | Bazaar   | Found Ateh's Distillery.
 30246 | Bazaar   | Bought 2 potions of mutation for 85 gold pieces
 30281 | Bazaar   | Bought a scroll of enchant armour for 112 gold pieces
 30281 | Bazaar   | Bought a scroll of identify for 30 gold pieces
 30281 | Bazaar   | Bought a scroll of identify for 30 gold pieces
 30281 | Bazaar   | Bought a scroll of identify for 30 gold pieces
 30281 | Bazaar   | Bought a scroll of identify for 30 gold pieces
 30281 | Bazaar   | Bought 3 scrolls of identify for 90 gold pieces
 30288 | Bazaar   | Identified a scroll of acquirement
 30326 | D:12     | Got a jewelled ice dragon armour
 30337 | D:12     | Identified the +9 ice dragon armour of Xitwiu Kiuxi {rF- rC++ rN++ Str+4 Int-5} (You acquired it on level 12 of the Dungeon)
 30844 | D:13     | Reached XP level 16. HP: 146/176 MP: 16/16
 31307 | D:13     | Received a gift from Trog
 33896 | D:14     | Found a gate to the Vaults.
 34007 | D:14     | Received a gift from Trog
 34015 | D:15     | Entered Level 15 of the Dungeon
 34252 | D:15     | Received a gift from Trog
 34500 | D:15     | Found a staircase to the Depths.
 34735 | D:15     | Reached skill level 5 in Armour
 35519 | Snake:1  | Entered Level 1 of the Snake Pit
 35630 | Snake:1  | Received a gift from Trog
 35816 | Snake:1  | Reached skill level 10 in Throwing
 36352 | Snake:1  | Reached XP level 17. HP: 189/189 MP: 17/17
 36374 | Snake:1  | Received a gift from Trog
 37306 | Snake:2  | Found a frozen archway.
 37317 | Snake:2  | Noticed Norris
 37329 | Snake:2  | Killed Norris
 37392 | IceCv    | Entered an ice cave
 37890 | IceCv    | Noticed an Ice Fiend
 37896 | IceCv    | Killed an Ice Fiend
 38160 | Snake:2  | Gained mutation: You are robust (+10% HP). [potion of beneficial mutation]
 38216 | Snake:2  | Received a gift from Trog
 38383 | Snake:2  | Identified the Reference Book on Noxious Stones (You found it on level 2 of the Snake Pit)
 39076 | Snake:2  | Received a gift from Trog
 39076 | Snake:2  | Reached skill level 1 in Evocations
 39786 | Snake:3  | Received a gift from Trog
 40305 | Snake:3  | Found Ujuklorph's Distillery.
 40745 | Snake:3  | Reached XP level 18. HP: 222/222 MP: 20/20
 40762 | Snake:3  | Received a gift from Trog
 41124 | Snake:4  | Entered Level 4 of the Snake Pit
 41507 | Snake:4  | Received a gift from Trog
 41964 | Snake:4  | Received a gift from Trog
 42017 | Snake:4  | Received a gift from Trog
 43032 | Snake:4  | Reached skill level 5 in Evocations
 43765 | Snake:4  | Reached XP level 19. HP: 226/234 MP: 22/22
 43818 | Snake:4  | Received a gift from Trog
 43887 | Snake:4  | Got a serpentine rune of Zot
 43943 | Snake:4  | Received a gift from Trog
 44203 | Lair:3   | Received a gift from Trog
 44247 | Shoals:1 | Entered Level 1 of the Shoals
 44248 | Shoals:1 | Upgraded the game from 0.18-a0-1778-gadce9fa to 0.18-a0-1782-gb76a692
 44528 | Shoals:1 | Received a gift from Trog
 44963 | Shoals:1 | Noticed Roxanne
 44982 | Shoals:1 | Killed Roxanne
 44997 | Shoals:1 | Identified Roxanne's Almanac of the Toadstool (You took it off Roxanne on level 1 of the Shoals)
 47665 | Shoals:3 | Received a gift from Trog
 48621 | Shoals:4 | Entered Level 4 of the Shoals
 48661 | Shoals:4 | Got a bloodstained robe
 48662 | Shoals:4 | Identified the +1 robe of Taipy {+Fly rC+ rN+} (You found it on level 4 of the Shoals)
 49236 | Shoals:4 | Got a barnacled rune of Zot
 49321 | Shoals:4 | Noticed Aizul
 49339 | Shoals:4 | Killed Aizul
 49353 | Shoals:4 | Reached XP level 20. HP: 159/248 MP: 25/25
 49367 | Shoals:4 | Noticed Ilsuiw
 49373 | Shoals:4 | Killed Ilsuiw
 49612 | Shoals:4 | Noticed Jorgrun
 49618 | Shoals:4 | Killed Jorgrun
 49707 | Shoals:4 | Received a gift from Trog
 50772 | Vaults:1 | Entered Level 1 of the Vaults
 50772 | Vaults:1 | Found Qikhlerr's Assorted Antiques.
 50798 | Vaults:1 | Bought a scroll of identify for 76 gold pieces
 50798 | Vaults:1 | Bought a scroll of identify for 76 gold pieces
 50798 | Vaults:1 | Bought a potion of might for 152 gold pieces
 50816 | Vaults:1 | Received a gift from Trog
 50948 | Vaults:1 | Reached skill level 10 in Armour
 51844 | Vaults:1 | Received a gift from Trog
 52363 | Vaults:1 | Received a gift from Trog
 53030 | Vaults:2 | Reached skill level 15 in Dodging
 53102 | Vaults:2 | Received a gift from Trog
 53168 | Vaults:2 | Reached XP level 21. HP: 235/262 MP: 26/26
 53177 | Vaults:2 | Reached skill level 15 in Throwing
 53198 | Vaults:2 | Found a staircase to the Crypt.
 53304 | Vaults:2 | Noticed Mara
 53308 | Vaults:2 | Noticed Scytalen's illusion
 53311 | Vaults:2 | Killed Mara
 53314 | Vaults:2 | Received a gift from Trog
 54339 | Vaults:2 | Noticed Xtahua
 54343 | Vaults:2 | Killed Xtahua
 54623 | Vaults:3 | Received a gift from Trog
 54627 | Vaults:3 | Got a transparent giant spiked club {god gift}
 54628 | Vaults:3 | Identified the +12 giant spiked club of the Unliving {crush, rF- rC+ Int+4} (Trog gifted it to you on level 3 of the Vaults)
 55556 | Vaults:3 | Received a gift from Trog
 55562 | Vaults:3 | Got a crude giant spiked club {god gift}
 55563 | Vaults:3 | Identified the +8 giant spiked club of Equivalence {drain, MP-9 Str+3} (Trog gifted it to you on level 3 of the Vaults)
 56348 | Vaults:3 | Found a roughly hewn altar of Beogh.
 57210 | Vaults:4 | Received a gift from Trog
 57286 | Vaults:4 | Reached XP level 22. HP: 223/277 MP: 27/27
 57433 | Vaults:4 | Paralysed by a sphinx for 5 turns
 58825 | Vaults:4 | Received a gift from Trog
 59869 | Depths:1 | Entered Level 1 of the Depths
 59895 | Depths:1 | Received a gift from Trog
 59944 | Depths:1 | Found a gateway to Hell.
 60188 | Depths:1 | Received a gift from Trog
 60327 | Depths:1 | Noticed Wiglaf
 60332 | Depths:1 | Killed Wiglaf
 60621 | Depths:1 | Found Dyfanulo's Distillery.
 60789 | Depths:1 | Received a gift from Trog
 61022 | Depths:1 | Noticed an iron giant
 61041 | Depths:1 | Killed an iron giant
 61659 | Depths:1 | Got a fine steel ring
 61661 | Depths:1 | Identified the ring "Yrist" {Fragile Str+3 Int+3 Stlth+} (You found it on level 1 of the Depths)
 62161 | Depths:2 | Reached XP level 23. HP: 288/288 MP: 28/28
 62418 | Depths:2 | Received a gift from Trog
 62928 | Depths:2 | Received a gift from Trog
 63298 | Depths:2 | Received a gift from Trog
 63313 | Depths:2 | Got a pitted giant spiked club {god gift}
 63314 | Depths:2 | Identified the +6 giant spiked club "Fano" {flame, Str+3 Dex-2 SInv} (Trog gifted it to you on level 2 of the Depths)
 63615 | Depths:2 | Found a one-way gate to the infinite horrors of the Abyss.
 64328 | Depths:3 | Got a thick robe
 64329 | Depths:3 | Identified the +2 robe "Orox" {*Drain rElec rN+ Dex+7} (You took it off a spriggan berserker on level 3 of the Depths)
 64339 | Depths:3 | Found an oddly glowing altar of Pakellas.
 64391 | Depths:3 | Noticed a juggernaut
 64393 | Depths:3 | Killed a juggernaut
 64404 | Depths:3 | Found a one-way gate leading to the halls of Pandemonium.
 64472 | Depths:3 | HP: 15/436 [salamander stormcaller/spear (9)]
 64472 | Depths:3 | HP: 5/436 [salamander stormcaller/spear (10)]
 64485 | Depths:3 | Killed from afar by a salamander stormcaller

Vault maps used:
D:1:      minmay_arrival_diagonal_passages, evilmike_ruin_ashenzari
D:2:      serial_bayou_crossing
D:3:      grunt_gozag_statues
D:4:      corexii_shack_village, overflow_temple_1_default, first_bread
D:5:      serial_shops, shop, shop, shop, nicolae_shop_trees, st_stairs_6,
          uniq_sigmund, uniq_blork_the_orc
D:6:      grunt_ministairs_12, uniq_prince_ribbit1
D:7:      minmay_temple_entry_enclosed_plants, uniq_crazy_yiuf_cottage,
          uniq_menkaure
D:8:      lemuel_crystal_altar, kennysheep_mini_moat, lair_0_dummy,
          grunt_ogre_cave
D:9:      grunt_temple_overflow_order_and_chaos_2, kennysheep_okawaru_gauntlet,
          serial_shops, kennysheep_mini
D:10:     serial_shops, nicolae_shop_crystal
D:11:     zombieorc2_lemuel, serial_shops, nicolae_shop_waterfront
D:12:     serial_shops, bzr_entry_customers, spider_trap
D:13:     corexii_hall_statues_x
D:14:     hangedman_vaults_entry_quadrant_bands
D:15:     grunt_enter_depths_magical_seal, serial_column_ruins,
          column_ruins_open_small, column_ruins_grid_1, column_ruins_open_small,
          column_ruins_open_tiny, column_ruins_grid_1, column_ruins_open_medium,
          column_ruins_open_small_water
Lair:1:   serial_bayou_pond_b, serial_bayou_lagoon_b, uniq_erica
Lair:3:   mu_elephants_graveyard, minmay_snake_entry_guardpost_medium,
          enter_volcano_1, serial_bayou_shore_b, grunt_megastairs_2
Lair:4:   wad_woods_minihive, minmay_shoals_entry_centaurs, basic_altar,
          lemuel_oklob_altar
Lair:6:   cheibrodos_lair_caveside_slide
Lair:7:   serial_bayou, serial_bayou_ford_a, serial_bayou_pond_e,
          serial_bayou_pond_e, serial_bayou_lagoon_a, serial_bayou_pond_b,
          infiniplex_staircase_pool_2
Lair:8:   grunt_lair_end_beastmaster, slime_dummy, serial_forest,
          infiniplex_forest_end_2, infiniplex_forest_clump_large,
          infiniplex_forest_lined_ring, infiniplex_forest_clump_long,
          infiniplex_forest_clump_diagonal, infiniplex_forest_zigzag_1,
          infiniplex_forest_side_room, st_stairs_8, minmay_hedge_maze,
          eino_house_with_fridge
Shoals:1: nicolae_shoals_undead_eyrie, uniq_roxanne
Shoals:2: nicolae_shoals_hunting_party
Shoals:4: shoals_end_hangedman, shoals_ilsuiw_ice, uniq_aizul, uniq_jorgrun
Snake:1:  grunt_ministairs_11
Snake:2:  portal_ice_cave_entry_ice_beasts, fake_guardian_serpent_vault,
          lemuel_fruit_tree, uniq_norris
Snake:3:  serial_shops, shop_fountains
Snake:4:  johnstein_snake_rune_scales
Orc:1:    uniq_fannar, uniq_snorg
Orc:2:    kennysheep_orc_mage_school, uniq_saint_roka
Vaults:1: vaults_room_semicircle, vaults_dpeg_spiral, vaults_dpeg_ring,
          ontoclasm_vaults_hangar, v_pattern_3, vaults_room_fours,
          hangedman_vaults_stream, v_rooms_1, v_alt_pattern_5, vaults_mumra_lcd,
          serial_shops, shop
Vaults:2: hangedman_vaults_slither, minmay_crypt_entry_simple_plaza,
          vaults_standard_mumra_lines, nicolae_vaults_asterisk,
          hangedman_vaults_restitches, vaults_room_pools, grunt_vaults_swirl,
          vaults_room_corners, vaults_dpeg_hooks, vaults_room_grid,
          nicolae_vaults_mini_display_case, vaults_room_semicircle, uniq_mara,
          uniq_xtahua
Vaults:3: v_alt_pattern_6, nicolae_vaults_big_ls, vaults_room_fours,
          special_room_vaults, stair_cage_open, ontoclasm_vaults_gateway,
          nicolae_vaults_little_squares_3, nicolae_vaults_theta, v_misc_9,
          vaults_room_corners
Vaults:4: v_pattern_2, v_misc_3, v_rooms_4, v_misc_3, hangedman_vaults_stagger,
          v_misc_30, ontoclasm_vaults_shuriken, nicolae_vaults_meeting
Depths:1: evilmike_diamond_2, pf_coc_iceberg, minmay_misc_feat_columns,
          serial_shops, shop, minmay_variable_closet, lightli_corner_chamber,
          uniq_wiglaf
Depths:2: hangedman_cross_cluster, marbit_kobold_abyss_entry,
          infiniplex_staircase_door_maze, pf_dread_powers_of_hell,
          serial_bayou_shore_a
Depths:3: grunt_profane_halls, pan_entry, hell_entry, abyss_entry
Bazaar:   bazaar_kb_twisted_cavern
IceCv:    ice_cave_tombish
Volcano:  volcano_grotto

Skill      XL: |  1  2  3  4  5  6  7  8  9 10 11 12 13 14 15 16 17 18 19 20 21 22 23 |
---------------+----------------------------------------------------------------------+-----
Maces & Flails | 5 6 8 10 12 13 14 15 17 19 20 23 24 | 24.0
Fighting       | 7 10 12 13 14 15 16 17 18 19 20 21 22 | 22.4
Dodging        | 3 6 8 9 10 11 12 13 14 15 16 | 16.8
Throwing       | 4 6 8 10 11 12 13 14 16 17 18 | 18.9
Armour         | 2 5 7 8 9 10 11 12 | 12.8
Evocations     | 2 5 7 |  7.3

Action                   |  1- 3 |  4- 6 |  7- 9 | 10-12 | 13-15 | 16-18 | 19-21 | 22-24 || total
-------------------------+-------+-------+-------+-------+-------+-------+-------+-------++-------
Melee: Mace              |    99 |    42 |   197 |   337 |       |       |       |       ||   675
       Whip              |       |    71 |    68 |       |       |       |       |       ||   139
       Giant club        |       |       |       |   303 |   264 |       |       |       ||   567
       Giant spiked club |       |       |       |       |   723 |   728 |   831 |   421 ||  2703
 Fire: Hunting sling     |    32 |    68 |    34 |   288 |       |       |       |       ||   422
       Blowgun           |       |     4 |     8 |    23 |       |       |       |       ||    35
Throw: Stone             |    28 |     2 |    28 |    79 |   262 |     8 |       |       ||   407
       Tomahawk          |       |       |       |    55 |   245 |    25 |       |       ||   325
       Large rock        |       |       |       |       |    24 |   347 |   555 |   325 ||  1251
       Javelin           |       |       |       |       |       |       |    11 |       ||    11
Invok: Berserk           |     2 |     4 |    11 |    19 |     8 |     6 |     5 |     3 ||    58
       Brothers in Arms  |       |       |       |     2 |       |     6 |     9 |     3 ||    20
       Trog's Hand       |       |       |       |       |     1 |     7 |     6 |     1 ||    15
Evoke: Wand              |       |       |       |     2 |     8 |       |     3 |     1 ||    14
  Use: Potion            |       |     1 |     1 |       |       |     1 |     8 |     3 ||    14
       Scroll            |       |       |     8 |    10 |    16 |     7 |     3 |     6 ||    50
 Stab: Sleeping          |     1 |     1 |     2 |     3 |       |       |       |       ||     7
       Petrified         |       |       |       |       |     5 |       |       |       ||     5
       Petrifying        |       |       |       |       |     1 |       |       |       ||     1
  Eat: Chunk             |     4 |     9 |    21 |    50 |    52 |    29 |    30 |    19 ||   214
       Pizza             |       |     1 |     1 |     1 |       |       |       |       ||     3
       Beef jerky        |       |       |     1 |       |       |       |       |       ||     1
       Royal jelly       |       |       |       |     1 |       |       |       |       ||     1
       Bread ration      |       |       |       |       |       |     5 |     4 |     1 ||    10
       Meat ration       |       |       |       |       |       |       |     1 |       ||     1
Armor: Animal skin       |    27 |       |       |       |       |       |       |       ||    27
       Robe              |    29 |    21 |    45 |    81 |   106 |   121 |   121 |    48 ||   572
       Ice dragon armour |       |       |       |       |       |    19 |    52 |       ||    71
       Skin              |       |       |       |       |       |       |     1 |       ||     1
Dodge: Dodged            |    71 |    54 |    96 |   306 |   492 |   476 |   688 |   298 ||  2481
Block: Other             |       |       |       |       |   111 |   106 |   142 |    72 ||   431
       Reflection        |       |       |       |       |     5 |    19 |    33 |    21 ||    78
